 Dungeon Crawl Stone Soup version 0.23.2-33-g5129a83184 (webtiles) character file.

Game seed: 17847924324891512953

439 Kold the Insei (level 7, 0/43 HPs)
             Began as an Octopode Transmuter on July 20, 2019.
             Was a Believer of Cheibriados.
             Slain by an adder (4 damage)
             ... on level 4 of the Dungeon.
             The game lasted 00:04:53 (2630 turns).

Kold the Insei (Octopode Transmuter)                Turns: 2630, Time: 00:04:54

Health: 0/43       AC:  1    Str: 16    XL:     7   Next: 1%
Magic:  19/19      EV: 15    Int: 24    God:    Cheibriados [**....]
Gold:   197        SH:  0    Dex: 17    Spells: 4/10 levels left

rFire    . . .     SeeInvis .     - Unarmed
rCold    . . .     Gourm    .   (no shield)
rNeg     . . .     Faith    .   (helmet restricted)
rPois    .         Spirit   .   n - amulet of the acrobat
rElec    .         Reflect  .   k - +3 ring of intelligence
rCorr    .         Harm     .   p - ring of magical power
MR       .....                  (no ring)
Stlth    ++++......             (no ring)
HPRegen  0.14/turn              (no ring)
MPRegen  0.16/turn              (no ring)
                                (no ring)
                                (no ring)

@: lethally poisoned (0 -> -5), about to teleport, appendage, very slow
A: almost no armour, stealthy swim, amphibious, 8 rings, constrict 8, tentacle
spike 3, camouflage 1, gelatinous body 1
a: End Transformation, Bend Time, Renounce Religion


You were on level 4 of the Dungeon.
You worshipped Cheibriados.
Cheibriados was pleased with you.
You were not hungry.
One of your tentacles had a temporary spike.
You visited 1 branch of the dungeon, and saw 4 of its levels.

You collected 197 gold pieces.

Inventory:

Missiles
 a - 10 arrows
Armour
 t - a +2 shield of reflection
Jewellery
 k - a +3 ring of intelligence (left tentacle)
 n - an amulet of the acrobat (around mantle)
 p - a ring of magical power (right tentacle)
Wands
 o - a wand of digging (5)
 q - a wand of paralysis (9)
Scrolls
 b - 3 scrolls of blinking {unknown}
 d - 3 scrolls of identify
 g - a scroll of enchant armour {unknown}
 i - a scroll of magic mapping {unknown}
Potions
 e - a potion of agility {unknown}
 h - 2 potions of brilliance {unknown}
 j - 2 potions of lignification {unknown}
 l - a potion of flight {unknown}
 m - a potion of might {unknown}
Comestibles
 c - 6 rations
 s - a chunk of flesh


   Skills:
 - Level 1.0 Fighting
 + Level 4.1 Dodging
 - Level 4.0 Stealth
 + Level 4.7 Unarmed Combat
 - Level 2.0 Spellcasting
 + Level 4.1 Transmutations


You had 4 spell levels left.
You knew the following spells:

 Your Spells              Type           Power        Failure   Level  Hunger
a - Beastly Appendage     Tmut           ###...       2%          1    #......
b - Spider Form           Tmut/Pois      ##........   16%         3    ###....
c - Sticks to Snakes      Tmut           ###.....     3%          2    ##.....

Your spell library contained the following spells:

 Spells                   Type           Power        Failure   Level  Hunger
 Ice Form                 Ice/Tmut       ##......     45%         4    #####..
 Blade Hands              Tmut           ###.......   52%         5    ######.


Dungeon Overview and Level Annotations

Branches:
Dungeon (4/15)
 Temple: D:4-7

Altars:
Cheibriados
Gozag
Okawaru
Qazlal
Wu Jian
Zin
The Shining One

Annotations:
D:3 1 runed translucent door


Innate Abilities, Weirdness & Mutations

You cannot wear most types of armour.
You are very stealthy in the water. (Stealth+)
You are amphibious.
You can wear up to eight rings at the same time.
You can use your tentacles to constrict eight enemies at once.
Your skin changes colour to match your surroundings (Stealth+).
Your rubbery body absorbs attacks. (AC +1, EV +1)
One of your tentacles bears a large vicious spike.


Message History

r - a scroll of teleportation The adder bites you.
* * * LOW HITPOINT WARNING * * *
You are poisoned.
The adder poisons you!
A worker ant comes into view.
The giant cockroach completely misses you.
As you read the scroll of teleportation, it crumbles to dust.
You feel strangely unstable.
You feel sick. The adder bites you.
* * * LOW HITPOINT WARNING * * *
You are more poisoned.
The adder poisons you! The dart slug barely misses you.
The giant cockroach closely misses you. The adder bites you.
* * * LOW HITPOINT WARNING * * *
The worker ant twitches its antennae in your direction.
You tentacle-slap the adder. Your grab misses the adder.
Your tentacle spike misses the adder.
The adder is moderately wounded.
The adder bites you.
You die...

....#####.########.#### ..
.## #..#####.#^...#
....(.#....##.##...# #
....#..>.......#...## ##
....#######.#.......####.
......#...#.#............
...................###)รท)
.......s......#....####))
....o.ow@....<........#.)
...$o..S......#.#........
............###.#........
......#.....# # .........
#.#a.#......# .........
#......#...... .........
##..........### .........
...........# ##........ .#
##..###.........


You could see a worker ant, an adder, a dart slug, 3 orcs and a giant cockroach.

Vanquished Creatures
  An ogre (D:4)
  A hound (D:4)
  A bullfrog skeleton (D:4)
  An orc wizard (D:4)
  Jessica (D:3)
  A worker ant (D:3)
  Natasha (D:4)
  Robin (D:4)
  3 gnolls (D:3)
  A howler monkey skeleton (D:4)
  7 adders
  An adder skeleton (D:4)
  2 worms
  3 dart slugs (D:2)
  2 leopard geckos
  6 orcs
  2 ball pythons
  2 bats
  5 giant cockroaches
  8 goblins
  8 hobgoblins
  10 jackals (D:3)
  9 kobolds
  4 frilled lizards
  3 rats
84 creatures vanquished.

Notes
Turn   | Place    | Note
-------+----------+-------------------------------------------
     0 | D:1      | Kold the Octopode Transmuter began the quest for the Orb.
     0 | D:1      | Reached XP level 1. HP: 13/13 MP: 3/3
    85 | D:1      | Reached skill level 1 in Stealth
    85 | D:1      | Reached XP level 2. HP: 17/18 MP: 5/5
   548 | D:2      | Reached XP level 3. HP: 23/23 MP: 6/6
   719 | D:2      | Found a snail-covered altar of Cheibriados.
   724 | D:2      | Became a worshipper of Cheibriados the Contemplative
   754 | D:2      | Found an opulent altar of Gozag.
   865 | D:2      | Found a stormy altar of Qazlal.
   865 | D:2      | Found a glowing golden altar of the Shining One.
  1008 | D:2      | Reached XP level 4. HP: 23/28 MP: 5/7
  1445 | D:3      | Learned a level 3 spell: Spider Form
  1448 | D:3      | Learned a level 2 spell: Sticks to Snakes
  1518 | D:3      | Reached * piety under Cheibriados
  1570 | D:3      | Noticed Jessica
  1578 | D:3      | Killed Jessica
  1578 | D:3      | Reached XP level 5. HP: 33/33 MP: 8/8
  1660 | D:3      | Found an ornate altar of the Wu Jian Council.
  1676 | D:3      | Noticed an angel
  1677 | D:3      | Found a glowing silver altar of Zin.
  1679 | D:3      | Found a runed translucent door.
  2078 | D:4      | Reached ** piety under Cheibriados
  2179 | D:4      | Reached XP level 6. HP: 29/38 MP: 9/9
  2287 | D:4      | Noticed Robin
  2296 | D:4      | Killed Robin
  2570 | D:4      | Found an iron altar of Okawaru.
  2570 | D:4      | Noticed Natasha
  2573 | D:4      | Killed Natasha
  2621 | D:4      | Reached XP level 7. HP: 16/43 MP: 10/10
  2630 | D:4      | Slain by an adder

Skill      XL: |  1  2  3  4  5  6 |
---------------+-------------------+-----
Stealth        | 1 2 3 4 |  4.0
Dodging        | 3 4 |  4.1
Transmutations | 3 4 |  4.1
Unarmed Combat | 4 |  4.7
Fighting       | |  1.0
Spellcasting   | |  2.0

Action                   |  1- 3 |  4- 6 |  7- 9 || total
-------------------------+-------+-------+-------++-------
Melee: Unarmed           |    45 |   110 |     5 ||   160
       Constrict         |    16 |    37 |     4 ||    57
       Kick              |     9 |    43 |       ||    52
       Tentacles         |     6 |    19 |     1 ||    26
       Punch             |     1 |     3 |     1 ||     5
 Cast: Beastly Appendage |    11 |    22 |       ||    33
       Spider Form       |       |     1 |       ||     1
       Sticks to Snakes  |       |     1 |       ||     1
  Use: Scroll            |       |       |     3 ||     3
 Stab: Sleeping          |    10 |     9 |       ||    19
       Distracted        |       |     1 |       ||     1
  Eat: Chunk             |     1 |     4 |       ||     5
Armor: Skin              |       |     3 |     1 ||     4
Dodge: Dodged            |    23 |    86 |    11 ||   120
